2831 views
Uploaded 2020-03-07 04:00:36
Game version 1.32.2
8:39 long 1on1 private game on (4)TwistedMeadows
Saved by Ben
2831 views
Uploaded 2020-03-07 04:00:36
Game version 1.32.2
8:39 long 1on1 private game on (4)TwistedMeadows

22 units @ 2.6k
/ 0.3k
12 buildings @ 1.9k
/ 0.8k

| Dust of Appearance | 1 | 75 |
| Boots of Speed | 1 | 250 |
| total: | 2 | 325g |
| Wisp | 12 | 720 | / | 0 |
| Archer | 1 | 130 | / | 10 |
| Huntress | 6 | 1170 | / | 120 |
| Glaive Thrower | 3 | 630 | / | 195 |
| total: | 22 | 2650g | / | 325w |
| Ancient Protector | 4 | 540 | / | 320 |
| Altar of Elders | 1 | 180 | / | 50 |
| Moon Well | 4 | 720 | / | 160 |
| Ancient of War | 2 | 300 | / | 120 |
| Hunter's Hall | 1 | 210 | / | 100 |
| total: | 12 | 1950g | / | 750w |
| 0:01 | Wisp |
| 0:05 | Altar of Elders |
| 0:06 | Wisp |
| 0:17 | Moon Well |
| 0:19 | Wisp |
| 0:21 | Wisp |
| 0:53 | Wisp |
| 1:05 | Ancient of War |
| 1:13 | Wisp |
| 1:15 | Wisp |
| 1:45 | Wisp |
| 1:56 | Hunter's Hall |
| 1:58 | Wisp |
| 2:07 | Archer |
| 2:16 | Moon Well |
| 2:35 | Force of Nature |
| 3:21 | Huntress |
| 3:43 | Huntress |
| 4:04 | Boots of Speed |
| 4:07 | Dust of Appearance |
| 4:19 | Huntress |
| 4:22 | Huntress |
| 4:29 | Moon Well |
| 4:30 | Ancient of War |
| 4:32 | Wisp |
| 5:12 | Huntress |
| 5:49 | Glaive Thrower |
| 5:50 | Glaive Thrower |
| 6:02 | Moon Well |
| 6:33 | Strength of the Moon |
| 6:38 | Entangling Roots |
| 6:49 | Wisp |
| 6:49 | Wisp |
| 6:56 | Huntress |
| 7:21 | Ancient Protector |
| 7:36 | Ancient Protector |
| 7:37 | Ancient Protector |
| 7:58 | Ancient Protector |
| 8:05 | Glaive Thrower |
| 8:31 | Entangling Roots |
| Right click | 824 |
| Select group | 181 |
| Select | 174 |
| Chat | 35 |
| Build/train/purchase | 32 |
| Assign group | 16 |
| Use ability | 11 |
| Misc. action | 10 |
| Esc | 1 |
23 units @ 2.4k
/ 0.2k
9 buildings @ 1.6k
/ 0.5k

| Boots of Speed | 1 | 250 |
| Staff of Teleportation | 1 | 150 |
| total: | 2 | 400g |
| Wisp | 15 | 900 | / | 0 |
| Archer | 1 | 130 | / | 10 |
| Huntress | 5 | 975 | / | 100 |
| Glaive Thrower | 2 | 420 | / | 130 |
| total: | 23 | 2425g | / | 240w |
| Altar of Elders | 1 | 180 | / | 50 |
| Moon Well | 4 | 720 | / | 160 |
| Ancient of War | 3 | 450 | / | 180 |
| Hunter's Hall | 1 | 210 | / | 100 |
| Tree of Ages | 1 | 320 | / | 180 |
| total: | 9 | 1560g | / | 490w |
| 0:01 | Wisp |
| 0:01 | Wisp |
| 0:07 | Altar of Elders |
| 0:18 | Moon Well |
| 0:20 | Wisp |
| 0:20 | Wisp |
| 0:49 | Wisp |
| 0:55 | Ancient of War |
| 1:08 | Wisp |
| 1:20 | Wisp |
| 1:33 | Wisp |
| 1:41 | Moon Well |
| 1:44 | Wisp |
| 1:55 | Wisp |
| 1:56 | Archer |
| 2:11 | Shadow Strike |
| 3:00 | Ancient of War |
| 3:02 | Ancient of War |
| 3:03 | Wisp |
| 3:03 | Wisp |
| 3:09 | Hunter's Hall |
| 3:11 | Wisp |
| 3:11 | Wisp |
| 3:26 | Moon Well |
| 4:02 | Boots of Speed |
| 4:03 | Staff of Teleportation |
| 4:11 | Huntress |
| 4:15 | Huntress |
| 4:21 | Wisp |
| 5:05 | Huntress |
| 5:36 | Tree of Ages |
| 5:48 | Fan of Knives |
| 6:05 | Huntress |
| 6:06 | Huntress |
| 6:46 | Moon Well |
| 8:15 | Glaive Thrower |
| 8:15 | Glaive Thrower |
| Right click | 597 |
| Select | 152 |
| Select group | 47 |
| Misc. action | 41 |
| Build/train/purchase | 33 |
| Chat | 31 |
| Use ability | 10 |
| Assign group | 8 |
| Remove unit | 2 |
| Item give/drop | 1 |
⇛